TOP OF THE 1ST |
---|
Nashua Redlegs batting - Pitching for El Paso Texans : RHP Derek Baker | Pitching: RHP Derek Baker | | Batting: RHB José Luján | 0-0: Ball 1-0: Called Strike 1-1: Fly out, F9 (Flyball, 89D) | Batting: RHB Ánibal Barrios | 0-0: Swinging Strike 0-1: Fly out, F7 (Flyball, 7D) | Batting: RHB Jorge Valenzuela | 0-0: Foul Ball, location: 2F 0-1: Swinging Strike 0-2: Foul Ball, location: 2F 0-2: Strikes out swinging | Top of the 1st over - 0 runs, 0 hits, 0 errors, 0 left on base; Nashua 0 - El Paso 0 | BOTTOM OF THE 1ST |
---|
El Paso Texans batting - Pitching for Nashua Redlegs : LHP Craig Grant | Pitching: LHP Craig Grant | | Batting: LHB Mark Spencer | 0-0: Called Strike 0-1: SINGLE (Groundball, 4MD) | Batting: SHB Richie Gallegos | 0-0: Ball 1-0: Foul Ball, location: 2F 1-1: Foul Ball, location: 2F 1-2: Ball 2-2: SINGLE (Groundball, 4D) Mark Spencer to second Runner from 2nd tries for 3rd, SAFE, throw made to third | Batting: LHB Cipriano Rangel | 0-0: Ball 1-0: Ball 2-0: Called Strike 2-1: Ball 3-1: Called Strike 3-2: Grounds into double play, 6-4-3 (Groundball, 6) Mark Spencer scores | Batting: RHB José Murillo | 0-0: Ground out 4-3 (Groundball, 4) | Bottom of the 1st over - 1 run, 2 hits, 0 errors, 0 left on base; Nashua 0 - El Paso 1 | TOP OF THE 2ND |
---|
Nashua Redlegs batting - Pitching for El Paso Texans : RHP Derek Baker | Batting: RHB Clancy Castro | 0-0: SINGLE (Groundball, 4MD) | Batting: LHB Johăo Pereirinha | 0-0: Ground out 4-3 (Groundball, 34) Clancy Castro to second | Batting: RHB José García | 0-0: Ball Passed Ball! Clancy Castro to third 1-0: Called Strike 1-1: Ball 2-1: Ball 3-1: Called Strike 3-2: SINGLE (Line Drive, 78S) Clancy Castro scores | Batting: RHB Jesús Heredia | 0-0: Ball 1-0: Called Strike 1-1: Foul Ball, location: 2F 1-2: Ball 2-2: Ball 3-2: Strikes out swinging | Batting: RHB António López | 0-0: Called Strike 0-1: Ball 1-1: Ball 2-1: Ball 3-1: Swinging Strike 3-2: Foul Ball, location: 2F 3-2: Foul Ball, location: 2F 3-2: Base on Balls José García to second | Batting: RHB Eric Barthorpe | 0-0: Called Strike 0-1: Ball 1-1: Foul Ball, location: 2F 1-2: Ball 2-2: Ball 3-2: Reached on error, E6 (Groundball, 6) José García scores António López to third | Batting: RHB José Luján | 0-0: Ball 1-0: Swinging Strike 1-1: Foul Ball, location: 2F 1-2: Foul Ball, location: 2F 1-2: Foul Ball, location: 2F 1-2: Foul Ball, location: 2F 1-2: Ball 2-2: Strikes out swinging | Top of the 2nd over - 2 runs, 2 hits, 1 error, 2 left on base; Nashua 2 - El Paso 1 | BOTTOM OF THE 2ND |
---|
El Paso Texans batting - Pitching for Nashua Redlegs : LHP Craig Grant | Batting: SHB António Cervantes | 0-0: Ball 1-0: DOUBLE (Flyball, 78XD) | Batting: SHB Oliver Riley | 0-0: Ball 1-0: Ground out 1-3 (Groundball, 15S) | Batting: LHB John Fitzgerald | 0-0: Called Strike 0-1: Called Strike 0-2: Ground out 5-3 (Groundball, 56) | Batting: RHB Gabriel Santana | 0-0: Ball 1-0: Called Strike 1-1: Called Strike 1-2: Ball 2-2: Foul Ball, location: 2F 2-2: Foul Ball, location: 2F 2-2: Ball 3-2: Foul Ball, location: 2F 3-2: Strikes out swinging | Bottom of the 2nd over - 0 runs, 1 hit, 0 errors, 1 left on base; Nashua 2 - El Paso 1 | TOP OF THE 3RD |
---|
Nashua Redlegs batting - Pitching for El Paso Texans : RHP Derek Baker | Batting: RHB Ánibal Barrios | 0-0: Called Strike 0-1: Ball 1-1: Foul Ball, location: 2F 1-2: Ball 2-2: Foul Ball, location: 2F 2-2: Ball 3-2: Strikes out looking | Batting: RHB Jorge Valenzuela | 0-0: Ball 1-0: Ball 2-0: Ball 3-0: Base on Balls | Batting: RHB Clancy Castro | 0-0: Ball 1-0: Ball 2-0: Called Strike 2-1: Ball 3-1: Called Strike 3-2: Base on Balls Jorge Valenzuela to second | Batting: LHB Johăo Pereirinha | 0-0: Ball 1-0: Ball 2-0: Grounds into double play, 6-4-3 (Groundball, 6) | Top of the 3rd over - 0 runs, 0 hits, 0 errors, 1 left on base; Nashua 2 - El Paso 1 | BOTTOM OF THE 3RD |
---|
El Paso Texans batting - Pitching for Nashua Redlegs : LHP Craig Grant | Batting: SHB Miguel Hurtado | 0-0: Called Strike 0-1: Ball 1-1: Fly out, F8 (Flyball, 89D) | Batting: LHB Mark Spencer | 0-0: Called Strike 0-1: Called Strike 0-2: Strikes out looking | Batting: SHB Richie Gallegos | 0-0: Called Strike 0-1: Ball 1-1: Called Strike 1-2: Strikes out swinging | Bottom of the 3rd over - 0 runs, 0 hits, 0 errors, 0 left on base; Nashua 2 - El Paso 1 | TOP OF THE 4TH |
---|
Nashua Redlegs batting - Pitching for El Paso Texans : RHP Derek Baker | Batting: RHB José García | 0-0: Ball 1-0: Called Strike 1-1: Called Strike 1-2: Foul Ball, location: 2F 1-2: Ball 2-2: Fly out, F3 (Popup, 3F) | Batting: RHB Jesús Heredia | 0-0: Called Strike 0-1: Ball 1-1: Ball 2-1: Ball 3-1: Called Strike 3-2: Ground out 4-3 (Groundball, 4) | Batting: RHB António López | 0-0: Called Strike 0-1: Ground out U3 (Groundball, 34S) | Top of the 4th over - 0 runs, 0 hits, 0 errors, 0 left on base; Nashua 2 - El Paso 1 | BOTTOM OF THE 4TH |
---|
El Paso Texans batting - Pitching for Nashua Redlegs : LHP Craig Grant | Batting: LHB Cipriano Rangel | 0-0: Ball 1-0: Ball 2-0: Foul Ball, location: 2F 2-1: Swinging Strike 2-2: Foul Ball, location: 2F 2-2: Foul Ball, location: 2F 2-2: Strikes out swinging | Batting: RHB José Murillo | 0-0: Called Strike 0-1: Foul Ball, location: 2F 0-2: Ball 1-2: SINGLE (Groundball, 4MD) | Batting: SHB António Cervantes | 0-0: Called Strike 0-1: Ball 1-1: Fielders Choice at 2nd, 6-4 (Groundball, 6) | Batting: SHB Oliver Riley | 0-0: Foul Ball, location: 2F 0-1: Foul Ball, location: 2F 0-2: Ground out 3-1 (Groundball, 34S) | Bottom of the 4th over - 0 runs, 1 hit, 0 errors, 1 left on base; Nashua 2 - El Paso 1 | TOP OF THE 5TH |
---|
Nashua Redlegs batting - Pitching for El Paso Texans : RHP Derek Baker | Batting: RHB Eric Barthorpe | 0-0: Called Strike 0-1: Swinging Strike 0-2: Ball 1-2: Ball 2-2: Foul Ball, location: 2F 2-2: Foul Ball, location: 2F 2-2: Ball 3-2: Base on Balls | Pitching: RHP Mike Church | | Batting: RHB José Luján | 0-0: Called Strike 0-1: Foul Ball, location: 2F 0-2: Strikes out looking | Batting: RHB Ánibal Barrios | 0-0: Fly out, F8 (Flyball, 8RS) | Batting: RHB Jorge Valenzuela | 0-0: Ball 1-0: Foul Ball, location: 2F 1-1: Called Strike 1-2: Strikes out looking | Top of the 5th over - 0 runs, 0 hits, 0 errors, 1 left on base; Nashua 2 - El Paso 1 | BOTTOM OF THE 5TH |
---|
El Paso Texans batting - Pitching for Nashua Redlegs : LHP Craig Grant | Batting: LHB John Fitzgerald | 0-0: Ball 1-0: Called Strike 1-1: Foul Ball, location: 2F 1-2: Ball 2-2: Foul Ball, location: 2F 2-2: Foul Ball, location: 2F 2-2: Ball 3-2: Foul Ball, location: 2F 3-2: Foul Ball, location: 2F 3-2: Strikes out looking | Batting: RHB Gabriel Santana | 0-0: Foul Ball, location: 2F 0-1: Ball 1-1: Ball 2-1: Foul Ball, location: 2F 2-2: Ball 3-2: Base on Balls | Batting: SHB Miguel Hurtado | 0-0: Called Strike 0-1: Called Strike 0-2: Foul Ball, location: 2F 0-2: Ball 1-2: Foul Ball, location: 2F 1-2: Strikes out swinging | Batting: LHB Mark Spencer | 0-0: Ball 1-0: Called Strike 1-1: Swinging Strike 1-2: Strikes out looking | Bottom of the 5th over - 0 runs, 0 hits, 0 errors, 1 left on base; Nashua 2 - El Paso 1 | TOP OF THE 6TH |
---|
Nashua Redlegs batting - Pitching for El Paso Texans : RHP Mike Church | Batting: RHB Clancy Castro | 0-0: Foul Ball, location: 2F 0-1: Ball 1-1: Ball 2-1: Ball 3-1: Base on Balls | Batting: LHB Johăo Pereirinha | 0-0: Ball 1-0: Ground out 4-3 (Groundball, 4S) Clancy Castro to second | Batting: RHB José García | 0-0: Intentional Walk | Batting: RHB Jesús Heredia | 0-0: Ball 1-0: Called Strike 1-1: Foul Ball, location: 2F 1-2: Foul Ball, location: 2F 1-2: Ball 2-2: Ball 3-2: Strikes out swinging | Batting: RHB António López | 0-0: Called Strike 0-1: Ground out U3 (Groundball, 34S) | Top of the 6th over - 0 runs, 0 hits, 0 errors, 2 left on base; Nashua 2 - El Paso 1 | BOTTOM OF THE 6TH |
---|
El Paso Texans batting - Pitching for Nashua Redlegs : LHP Craig Grant | Batting: SHB Richie Gallegos | 0-0: Called Strike 0-1: SINGLE (Groundball, 4D) | Batting: LHB Cipriano Rangel | 0-0: Grounds into double play, 6-4-3 (Groundball, 6) | Batting: RHB José Murillo | 0-0: Called Strike 0-1: Called Strike 0-2: Ball 1-2: Ball 2-2: Foul Ball, location: 2F 2-2: Ball 3-2: Base on Balls | Batting: SHB António Cervantes | 0-0: Ball 1-0: Ball 2-0: Called Strike 2-1: Foul Ball, location: 2F 2-2: Strikes out swinging, 2-3 out at first. | Bottom of the 6th over - 0 runs, 1 hit, 0 errors, 1 left on base; Nashua 2 - El Paso 1 | TOP OF THE 7TH |
---|
Nashua Redlegs batting - Pitching for El Paso Texans : RHP Mike Church | Batting: RHB Eric Barthorpe | 0-0: Swinging Strike 0-1: Ball 1-1: Called Strike 1-2: Ground out 3-1 (Groundball, 34) | Batting: RHB José Luján | 0-0: Ball 1-0: SINGLE (Flyball, 7LS) | Batting: RHB Ánibal Barrios | 0-0: DOUBLE (Line Drive, 7LD) José Luján to third Runner from 3rd tries for Home, SAFE, no throw | Batting: RHB Jorge Valenzuela | 0-0: DOUBLE (Line Drive, 78D) Ánibal Barrios scores | Batting: RHB Clancy Castro | 0-0: Intentional Walk | Pitching: LHP Carlos Hernández | | Batting: LHB Johăo Pereirinha | 0-0: Fielders Choice at 2nd, 6-4 (Groundball, 56D) Jorge Valenzuela to third | Batting: RHB José García | 0-0: SINGLE (Groundball, 3) (infield hit) Jorge Valenzuela scores Johăo Pereirinha to second | Batting: RHB Jesús Heredia | 0-0: Called Strike 0-1: Swinging Strike 0-2: Ball 1-2: Ball 2-2: Foul Ball, location: 2F 2-2: Strikes out swinging | Top of the 7th over - 3 runs, 4 hits, 0 errors, 2 left on base; Nashua 5 - El Paso 1 | BOTTOM OF THE 7TH |
---|
El Paso Texans batting - Pitching for Nashua Redlegs : LHP Craig Grant | Batting: SHB Oliver Riley | 0-0: Ground out 6-3 (Groundball, 6) | Batting: LHB John Fitzgerald | 0-0: Called Strike 0-1: Called Strike 0-2: SINGLE (Groundball, 34S) (infield hit) | Batting: RHB Gabriel Santana | 0-0: Ball 1-0: SINGLE (Groundball, 56S) (infield hit) John Fitzgerald to second | Batting: SHB Miguel Hurtado | 0-0: Ball 1-0: Ball 2-0: Foul Ball, location: 2F 2-1: 3-RUN HOME RUN (Flyball, 78XD), Distance : 425 ft | Pitching: RHP Ángel Morán | | Batting: LHB Mark Spencer | 0-0: Called Strike 0-1: Ball 1-1: Called Strike 1-2: Strikes out swinging | Batting: SHB Richie Gallegos | 0-0: Ball 1-0: Ball 2-0: Foul Ball, location: 2F 2-1: Called Strike 2-2: Ball 3-2: SINGLE (Line Drive, 34) | Batting: LHB Cipriano Rangel | 0-0: Ball 1-0: SINGLE (Groundball, 34D) Richie Gallegos to second Runner from 2nd tries for 3rd, SAFE, no throw | Batting: RHB José Murillo | 0-0: Called Strike 0-1: Called Strike 0-2: Foul Ball, location: 2F 0-2: Ball 1-2: Ball 2-2: Strikes out swinging | Bottom of the 7th over - 3 runs, 5 hits, 0 errors, 2 left on base; Nashua 5 - El Paso 4 | TOP OF THE 8TH |
---|
Nashua Redlegs batting - Pitching for El Paso Texans : LHP Carlos Hernández | Batting: RHB António López | 0-0: Ball 1-0: Ball 2-0: Foul Ball, location: 2F 2-1: Called Strike 2-2: Ball 3-2: Foul Ball, location: 2F 3-2: Base on Balls | Pinch Hitting: RHB José Zumaya | 0-0: Called Strike 0-1: Called Strike 0-2: Ball 1-2: Foul Ball, location: 2F 1-2: Ball 2-2: Strikes out looking | Batting: RHB José Luján | 0-0: Ball 1-0: Called Strike 1-1: Ball 2-1: Ball 3-1: Base on Balls António López to second | Batting: RHB Ánibal Barrios | 0-0: Called Strike 0-1: Called Strike 0-2: Ball 1-2: Ball 2-2: Ball 3-2: Foul Ball, location: 2F 3-2: Strikes out swinging | Batting: RHB Jorge Valenzuela | 0-0: 3-RUN HOME RUN (Flyball, 9D), Distance : 381 ft | Pitching: RHP Juan Villa | | Batting: RHB Clancy Castro | 0-0: Ball 1-0: Fly out, F9 (Flyball, 9LS) | Top of the 8th over - 3 runs, 1 hit, 0 errors, 0 left on base; Nashua 8 - El Paso 4 | BOTTOM OF THE 8TH |
---|
El Paso Texans batting - Pitching for Nashua Redlegs : RHP Ángel Morán | Now at 1B: José Zumaya | | Batting: SHB António Cervantes | 0-0: Called Strike 0-1: Foul Ball, location: 2F 0-2: Foul Ball, location: 2F 0-2: Foul Ball, location: 2F 0-2: Foul Ball, location: 2F 0-2: Ball 1-2: Foul Ball, location: 2F 1-2: Ball 2-2: Foul Ball, location: 2F 2-2: Strikes out swinging | Batting: SHB Oliver Riley | 0-0: Called Strike 0-1: Ball 1-1: Called Strike 1-2: SINGLE (Line Drive, 56D) | Batting: LHB John Fitzgerald | 0-0: Ball 1-0: Called Strike 1-1: Foul Ball, location: 2F 1-2: Strikes out swinging | Batting: RHB Gabriel Santana | 0-0: Ball 1-0: Called Strike 1-1: Fly out, F6 (Popup, P) | Bottom of the 8th over - 0 runs, 1 hit, 0 errors, 1 left on base; Nashua 8 - El Paso 4 | TOP OF THE 9TH |
---|
Nashua Redlegs batting - Pitching for El Paso Texans : RHP Juan Villa | Batting: LHB Johăo Pereirinha | 0-0: SOLO HOME RUN (Flyball, 7LD), Distance : 383 ft | Batting: RHB José García | 0-0: Ball 1-0: Ball 2-0: Foul Ball, location: 2F 2-1: Ball 3-1: Base on Balls | Batting: RHB Jesús Heredia | 0-0: Called Strike 0-1: Ball 1-1: Foul Ball, location: 2F 1-2: Ball 2-2: Foul Ball, location: 2F 2-2: Ball 3-2: Fielders Choice at 2nd, 5-4 (Groundball, 56) | Batting: RHB António López | 0-0: Ball Jesús Heredia steals 2nd base 1-0: Swinging Strike 1-1: Swinging Strike 1-2: Ball 2-2: Ground out 5-3 (Groundball, 5S) Jesús Heredia to third | Batting: RHB José Zumaya | 0-0: Ball 1-0: Ball 2-0: Ball 3-0: Base on Balls | Batting: RHB José Luján | 0-0: Ball 1-0: Foul Ball, location: 2F 1-1: Ball 2-1: Ball 3-1: Base on Balls José Zumaya to second | Batting: RHB Ánibal Barrios | 0-0: Called Strike 0-1: Ball 1-1: Ground out 4-3 (Groundball, 4) | Top of the 9th over - 1 run, 1 hit, 0 errors, 3 left on base; Nashua 9 - El Paso 4 | BOTTOM OF THE 9TH |
---|
El Paso Texans batting - Pitching for Nashua Redlegs : RHP Ángel Morán | Now at C: Carlos Villagrama | | Now at 3B: Harry Wilkins | | Now at SS: John Newman | | Batting: SHB Miguel Hurtado | 0-0: SINGLE (Groundball, 4MD) | Batting: LHB Mark Spencer | 0-0: Ball 1-0: Ball 2-0: Called Strike 2-1: Ball 3-1: Base on Balls Miguel Hurtado to second | Batting: SHB Richie Gallegos | 0-0: Called Strike 0-1: Ball 1-1: Foul Ball, location: 2F 1-2: Ball 2-2: Strikes out swinging | Batting: LHB Cipriano Rangel | 0-0: 3-RUN HOME RUN (Flyball, 89XD), Distance : 420 ft | Pitching: RHP Mike Green | | Batting: RHB José Murillo | 0-0: Foul Ball, location: 2F 0-1: Foul Ball, location: 2F 0-2: Reached via error on a dropped throw, E3 | Batting: SHB António Cervantes | 0-0: Foul Ball, location: 2F 0-1: Foul Ball, location: 2F 0-2: Foul Ball, location: 2F 0-2: Ball 1-2: Strikes out looking | Batting: SHB Oliver Riley | 0-0: Swinging Strike 0-1: Ground out 4-3 (Groundball, 4) | Bottom of the 9th over - 3 runs, 2 hits, 1 error, 1 left on base; Nashua 9 - El Paso 7 | |